 Dungeon Crawl Stone Soup version 0.31.0-9-g3a7656b989 (webtiles) character file.

Game seed: 8119840903439081267

811 qw the Shooter (level 7, -1/38 HPs)
             Began as a Spriggan Hunter on Feb 2, 2024.
             Was a Follower of Okawaru.
             Incinerated by a bombardier beetle (4 damage)
             ... with a burning spray
             ... on level 5 of the Dungeon.
             The game lasted 00:00:17 (4039 turns).

qw the Shooter (Spriggan Hunter)                    Turns: 4039, Time: 00:00:18

Health: -1/38      AC:  2    Str:  7    XL:     7   Next: 61%
Magic:  9/9        EV: 22    Int: 10    God:    Okawaru [*.....]
Gold:   199        SH:  0    Dex: 21    Spells: 6/6 levels left

rFire   . . .        a - +2 shortbow
rCold   . . .        (shield currently unavailable)
rNeg    + . .        c - +0 robe
rPois   .            (helmet restricted)
rElec   .            (no cloak)
rCorr   .            (gloves unavailable)
SInv    +            (boots unavailable)
Will    +....        (no amulet)
Stlth   +            j - ring of positive energy
HPRegen 0.26/turn    (no ring)
MPRegen 0.11/turn

%: no passive effects
@: on fire, glowing, very quick
A: very small, no large weapons, unfitting armour, see invisible, speed 3,
talons 1, robust 1
a: Renounce Religion, Heroism


You were on level 5 of the Dungeon.
You worshipped Okawaru.
Okawaru was aware of your devotion.
You visited 1 branch of the dungeon, and saw 5 of its levels.

You collected 199 gold pieces.


Innate Abilities, Weirdness & Mutations

You are very small and have problems with some larger weapons.
You are too small for most types of armour.
You have supernaturally acute eyesight. (SInv)
You cover ground extremely quickly. (Speed+++)
You have sharp toenails.
You are robust. (+10% HP)


   Skills:
 - Level 2.1 Fighting
 + Level 7.3 Ranged Weapons
 - Level 7.1 Dodging
 - Level 1.5 Stealth
 + Level 2.5 Invocations


You had 6 spell levels left.
You didn't know any spells.
Your spell library was empty.

Inventory:

Hand Weapons
 a - a +2 shortbow (weapon)
Armour
 c - a +0 robe (worn)
Jewellery
 j - a ring of positive energy (left hand)
Scrolls
 b - a scroll of fog {unknown}
 e - 2 scrolls of identify
Potions
 d - 3 potions of curing
 g - a potion of might
 h - a potion of mutation
 i - a potion of enlightenment {unknown}
 k - a potion of degeneration {unknown}
 l - a potion of cancellation {unknown}

Dungeon Overview and Level Annotations

Branches:
Dungeon (5/15)             Temple (0/1) D:5

Altars:
Dithmenos
Kikubaaqudgha
Makhleb
Okawaru
Sif Muna
Xom
Yredelemnul


Message History

You shoot an arrow. The arrow hits the bombardier beetle.
The bombardier beetle is lightly wounded.
You shoot an arrow. The arrow hits the bombardier beetle.
The bombardier beetle is moderately wounded.
The bombardier beetle sprays incendiary fluid at you.
The burning spray hits you.
You are covered in liquid fire!
You shoot an arrow.
The arrow hits the bombardier beetle but does no damage.
The bombardier beetle is moderately wounded.
The liquid fire burns you!
You shoot an arrow.
The arrow barely misses the bombardier beetle.
The liquid fire burns you!
You shoot an arrow. The arrow hits the bombardier beetle!
The bombardier beetle is almost dead.
The liquid fire burns you!
You shoot an arrow.
The arrow hits the bombardier beetle but does no damage.
The bombardier beetle is almost dead.
The liquid fire burns you!
You shoot an arrow.
The arrow hits the bombardier beetle but does no damage.
The bombardier beetle is almost dead.
The liquid fire burns you!
You shoot an arrow.
The arrow hits the bombardier beetle but does no damage.
The bombardier beetle is almost dead.
The liquid fire burns you!
You shoot an arrow. The arrow hits the bombardier beetle!
You kill the bombardier beetle!
Okawaru accepts your kill. The liquid fire burns you!
You are on fire!
The liquid fire burns you!
You are on fire!
The liquid fire burns you!
You are on fire!
The liquid fire burns you!
You die...

#.# #.# #.# #.#
#.# #.# #.# #.#
#.# ########.#
#[# #.....#..#
#.# #.....####
#.#
###.....######.#
##.'..>..'......#
#.@#.....########
#%##.....# ...
#.....# .....
###+### ######


There were no monsters in sight!

Vanquished Creatures
  A black bear (D:4)
  2 phantoms (D:5)
  2 bombardier beetles
  A jelly (D:4)
  A gnoll bouda (D:3)
  A sleepcap (D:5)
  3 iguanas
  2 orc wizards (D:4)
  Natasha (D:3)
  10 gnolls
  6 adders
  A dart slug (D:4)
  A ribbon worm (D:4)
  6 orcs (D:4)
  16 endoplasms
  5 giant cockroaches
  12 goblins
  12 hobgoblins
  3 jackals (D:3)
  2 quokkas (D:1)
  5 ball pythons
  7 bats
  4 frilled lizards
  15 kobolds
  8 rats
127 creatures vanquished.

Notes
Turn   | Place    | Note
-------+----------+-------------------------------------------
     0 | D:1      | qw the Spriggan Hunter began the quest for the Orb.
     0 | D:1      | Reached XP level 1. HP: 10/10 MP: 2/2
     0 | D:1      | 0 ||| qw: Version: 0.3-a-155-g5e7d8dd
     0 | D:1      | 0 ||| qw: Game counter: 2154
     0 | D:1      | 0 ||| qw: Melee chars always use a shield: true
     0 | D:1      | 0 ||| qw: God list: Okawaru
     0 | D:1      | 0 ||| qw: Allow faded altars: false
     0 | D:1      | 0 ||| qw: Do Orc after clearing Dungeon:15 true
     0 | D:1      | 0 ||| qw: Do second Lair branch before Depths: true
     0 | D:1      | 0 ||| qw: Lair rune preference: random
     0 | D:1      | 0 ||| qw: Goals: Normal
     0 | D:1      | 0 ||| PLANNING D:1-11
    11 | D:1      | Reached skill level 3 in Dodging
   102 | D:1      | Reached XP level 2. HP: 13/14 MP: 3/3
   211 | D:1      | Reached XP level 3. HP: 18/18 MP: 4/4
   213 | D:1      | Found a faded altar of an unknown god.
   708 | D:1      | 708 ||| READING 2 scrolls labelled UHINTA JIBLI.
   708 | D:1      | 708 ||| ENCHANTING +0 shortbow.
   709 | D:1      | 709 ||| READING scroll of enchant weapon.
   709 | D:1      | 709 ||| ENCHANTING +1 shortbow.
   710 | D:1      | 710 ||| READING scroll labelled XIWNAK WOMIVIRUC.
   711 | D:1      | 711 ||| READING scroll labelled ZOIKYM TUOVA.
   716 | D:1      | 716 ||| DRINKING 3 purple potions.
   717 | D:1      | 717 ||| DROPPING scroll of butterflies.
   892 | D:2      | Reached XP level 4. HP: 22/22 MP: 5/5
  1308 | D:2      | 1308 ||| READING scroll labelled ISHIJUZENK.
  1309 | D:2      | 1309 ||| READING scroll labelled MIPA USTUWO.
  1310 | D:2      | 1310 ||| DRINKING 2 ruby potions.
  2181 | D:3      | 2181 ||| UPGRADING to ring of positive energy.
  2182 | D:3      | 2182 ||| READING 2 scrolls labelled USEUPSOAGUE.
  2283 | D:3      | 2283 ||| DROPPING scroll of silence.
  2300 | D:4      | Reached XP level 5. HP: 26/26 MP: 6/6
  2301 | D:4      | Noticed Natasha
  2303 | D:4      | 2303 ||| STAIRDANCE
  2359 | D:4      | 2359 ||| STAIRDANCE
  2387 | D:4      | 2387 ||| STAIRDANCE
  2393 | D:3      | Killed Natasha
  2395 | D:3      | HP: 3/26 [gnoll/+0 club[a gnoll bouda] (5)]
  2396 | D:3      | 2396 ||| DRINKING 2 potions of heal wounds.
  2513 | D:4      | Found the +8 whip "Snakebite" {venom, curare, rPois}
  2568 | D:4      | Found an iron altar of Okawaru.
  2568 | D:4      | Found a burning altar of Makhleb.
  2568 | D:4      | Found a basalt altar of Yredelemnul.
  2568 | D:4      | Found a shadowy altar of Dithmenos.
  2568 | D:4      | Found a shimmering altar of Xom.
  2568 | D:4      | Found a shimmering blue altar of Sif Muna.
  2569 | D:4      | 2569 ||| PLANNING OKAWARU WORSHIP
  2572 | D:4      | Reached skill level 6 in Ranged Weapons
  2582 | D:4      | Reached XP level 6. HP: 16/30 MP: 7/7
  2646 | D:4      | 2646 ||| READING scroll labelled BUYRY WUREQ.
  2646 | D:4      | 2646 ||| IDENTIFYING bubbling emerald potion
  2647 | D:4      | 2647 ||| DROPPING potion of lignification.
  2650 | D:4      | Became a worshipper of Warmaster Okawaru
  2651 | D:4      | 2651 ||| PLANNING D:1-11
  2923 | D:4      | Found an ancient bone altar of Kikubaaqudgha.
  2965 | D:4      | 2965 ||| FLEEEEING.
  2966 | D:4      | 2966 ||| FLEEEEING.
  2967 | D:4      | 2967 ||| FLEEEEING.
  2973 | D:4      | 2973 ||| FLEEEEING.
  2974 | D:4      | 2974 ||| FLEEEEING.
  2975 | D:4      | 2975 ||| FLEEEEING.
  2976 | D:4      | 2976 ||| FLEEEEING.
  2977 | D:4      | 2977 ||| FLEEEEING.
  2980 | D:4      | 2980 ||| FLEEEEING.
  2981 | D:4      | 2981 ||| FLEEEEING.
  2982 | D:4      | 2982 ||| FLEEEEING.
  2983 | D:4      | 2983 ||| FLEEEEING.
  2984 | D:4      | 2984 ||| FLEEEEING.
  2985 | D:4      | 2985 ||| FLEEEEING.
  3008 | D:4      | Reached skill level 6 in Dodging
  3340 | D:4      | 3340 ||| READING scroll of identify.
  3340 | D:4      | 3340 ||| IDENTIFYING bubbling coppery potion
  3341 | D:4      | 3341 ||| READING scroll labelled REGINOMOIN.
  3342 | D:4      | 3342 ||| DRINKING 2 lumpy amethyst potions.
  3342 | D:4      | Gained mutation: You are robust. (+10% HP) [potion of
                  | mutation]
  3342 | D:4      | Gained mutation: You have sharp toenails. [potion of
                  | mutation]
  3352 | D:4      | 3352 ||| Stepping ~*~*~tactically~*~*~ (cloud).
  3498 | D:5      | Entered Level 5 of the Dungeon
  3502 | D:5      | 3502 ||| STAIRDANCE
  3577 | D:5      | 3577 ||| STAIRDANCE
  3589 | D:4      | HP: 5/33 [gnoll/+0 whip (7)]
  3590 | D:4      | 3590 ||| READING scroll of teleportation.
  3591 | D:4      | 3591 ||| DRINKING potion of heal wounds.
  3616 | D:5      | 3616 ||| STAIRDANCE
  3637 | D:5      | 3637 ||| STAIRDANCE
  3644 | D:4      | HP: 7/33 [black bear (3)]
  3645 | D:4      | Reached * piety under Okawaru
  3646 | D:4      | Reached XP level 7. HP: 9/38 MP: 8/8
  3822 | D:5      | Reached skill level 1 in Invocations
  3906 | D:5      | Found a staircase to the Ecumenical Temple.
  4037 | D:5      | HP: 5/38 [burnt (6)]
  4039 | D:5      | Incinerated by a bombardier beetle

Levels and vault maps discovered:
D:1:      dpeg_arrival_prison, layout_basic, ebering_ecumenical_altar_webs,
          minmay_unequal
D:2:      layout_basic
D:3:      layout_loops_corners, chequers_serial_rivers_small_b
D:4:      cheibrodos_fertilizer, layout_loops_ring,
          mainiacjoe_overflow_cross_hatched, grunt_decor_junction,
          kennysheep_opposing_triangles, uniq_natasha
D:5:      minmay_clustersquares, layout_loops_ring, temple_green,
          kennysheep_generic_room_11

Skill      XL: |  1  2  3  4  5  6  7 |
---------------+----------------------+-----
Dodging        | 3 4 5 6 7 |  7.1
Ranged Weapons | 5 6 7 |  7.3
Fighting       | 2 |  2.1
Invocations    | 2 |  2.5
Stealth        | |  1.5

Action                     |  1- 3 |  4- 6 |  7- 9 || total
---------------------------+-------+-------+-------++-------
   Fire: Shortbow          |    94 |   222 |    43 ||   359
    Use: Scroll            |     4 |     7 |       ||    11
         Potion            |     1 |     4 |       ||     5
 Armour: Robe              |     4 |    39 |    10 ||    53
  Dodge: Dodged            |    15 |   132 |    14 ||   161

Table legend:
 A = Non-vault XP
 B = Vault XP
 C = Vault XP percentage of total XP
 D = Non-vault monster count
 E = Vault monster count
 F = Vault count percentage of total count
                 A         B        C        D         E       F
            +---------+---------+-------+---------+---------+-------
      Total |     837 |     322 |  27.8 |      98 |      29 |  22.8
            +---------+---------+-------+---------+---------+-------
        D:1 |      61 |      11 |  15.3 |      30 |       7 |  18.9
        D:2 |      44 |       0 |   0.0 |      13 |       0 |   0.0
        D:3 |     149 |      32 |  17.7 |      24 |       1 |   4.0
        D:4 |     373 |     131 |  26.0 |      27 |      19 |  41.3
        D:5 |     210 |     148 |  41.3 |       4 |       2 |  33.3
            +---------+---------+-------+---------+---------+-------
